 Dungeon Crawl Stone Soup version 0.29.1-4-g47bece8355 (webtiles) character file.

Game seed: 2012917284076839098

1982 CaptainMV the Covert (level 9, 0/52 HPs)
             Began as a Kobold Brigand on Dec 8, 2022.
             Was a Follower of Wu Jian.
             Slain by a gnoll
             ... wielding a +0 spear
             ... led by a gnoll sergeant
              (2 damage)
             ... on level 7 of the Dungeon.
             The game lasted 00:50:07 (4500 turns).

CaptainMV the Covert (Kobold Brigand)               Turns: 4500, Time: 00:50:08

Health: 0/52       AC: 12    Str: 11    XL:     9   Next: 44%
Magic:  9/9        EV: 15    Int: 12    God:    Wu Jian [*.....]
Gold:   279        SH:  5    Dex: 18    Spells: 8/8 levels left

rFire   . . .      SeeInvis .   A - +1 short sword (distort)
rCold   . . .      Faith    .   g - +0 buckler
rNeg    . . .      Spirit   .   K - +0 acid dragon scales
rPois   .          Reflect  .   (no helmet)
rElec   .          Harm     .   c - +0 cloak
rCorr   +          Rampage  .   (no gloves)
Will    .....                   J - +0 pair of boots
Stlth   ++++++....              (no amulet)
HPRegen 0.17/turn               y - +4 ring of protection
MPRegen 0.11/turn               (no ring)

@: no status effects
A: small, no large weapons, nightstalker 3
a: Renounce Religion


You were on level 7 of the Dungeon.
You worshipped Wu Jian.
Wu Jian was aware of your devotion.
You visited 1 branch of the dungeon, and saw 7 of its levels.

You collected 279 gold pieces.

Inventory:

Hand Weapons
 a - a +2 dagger
 z - a +0 spear of venom
 A - a +1 short sword of distortion (weapon)
 B - a +0 whip of venom
 N - a +0 dire flail of holy wrath
Missiles
 d - 19 poisoned darts (quivered)
 e - 3 curare-tipped darts
Armour
 b - a +0 robe
 c - a +0 cloak (worn)
 g - a +0 buckler (worn)
 J - a +0 pair of boots (worn)
 K - +0 acid dragon scales (worn)
Magical Staves
 I - a staff of poison
Jewellery
 q - an amulet of faith
 t - a ring of positive energy
 u - a ring of ice
 y - a +4 ring of protection (left hand)
 F - a ring of see invisible
Wands
 O - a wand of mindburst (9)
 P - a wand of flame (10)
Scrolls
 f - 5 scrolls of identify {unknown}
 h - a scroll of blinking {unknown}
 k - a scroll of fear {unknown}
 m - 2 scrolls of amnesia {unknown}
 p - 2 scrolls of vulnerability {unknown}
 v - 2 scrolls of magic mapping {unknown}
 w - a scroll of summoning {unknown}
 C - 2 scrolls of teleportation {unknown}
 L - a scroll of enchant weapon {unknown}
Potions
 i - 3 potions of flight {unknown}
 j - a potion of ambrosia {unknown}
 l - 3 potions of brilliance {unknown}
 n - a potion of invisibility {unknown}
 o - a potion of degeneration {unknown}
 r - 2 potions of magic {unknown}
 s - 5 potions of haste {unknown}
 x - a potion of mutation {unknown}
 D - a potion of heal wounds {unknown}
 E - 2 potions of attraction {unknown}
 G - a potion of cancellation {unknown}
 H - a potion of lignification {unknown}
 M - 3 potions of curing {unknown}


   Skills:
 + Level 3.9 Fighting
 + Level 6.9 Short Blades
 + Level 2.3 Throwing
 + Level 0.3 Armour
 + Level 5.3 Dodging
 + Level 13.4 Stealth
 + Level 1.5 Shields


You had 8 spell levels left.
You didn't know any spells.
Your spell library contained the following spells:

 Spells                   Type           Power      Damage    Failure   Level
 Sublimation of Blood     Necr           0%         N/A       77%         2
 Wereblood                Tmut           0%         N/A       77%         2
 Olgreb's Toxic Radiance  Pois           0%         N/A       100%        4
 Ozocubu's Refrigeration  Ice            0%         4d7       100%        7
 Summon Hydra             Summ           0%         N/A       100%        7
 Ignition                 Fire           0%         3d3       100%        8


Dungeon Overview and Level Annotations

Branches:
Dungeon (7/15)
 Temple: D:4-7

Altars:
Gozag
Kikubaaqudgha
Ru
Wu Jian
Xom
Yredelemnul

Annotations:
Abyss:1 Robin


Innate Abilities, Weirdness & Mutations

You are small and have problems with some larger weapons.
You are completely attuned to the shadows.


Message History

The orc misses you.
The orc wizard hits you with a +0 dagger.
* * * LOW HITPOINT WARNING * * *
The gnoll hits you from afar with a +0 spear.
* * * LOW HITPOINT WARNING * * *
The orc wizard attacks as you move away!
The orc wizard hits you but does no damage.
The orc attacks as you move away! The orc closely misses you.
You hit the orc.
Space warps around the orc.
You kill the orc!
The Council accepts your kill. The orc wizard casts a spell at you.
The magic dart hits you but does no damage.
The gnoll hits you from afar with a +0 spear.
* * * LOW HITPOINT WARNING * * *
The orc wizard closely misses you. The gnoll closely misses you.
You see here a +0 mace.
You hit the gnoll.
Space warps around the gnoll.
The gnoll is almost dead.
The orc wizard hits you with a +0 dagger.
* * * LOW HITPOINT WARNING * * *
The gnoll closely misses you.
You're too confused to move!
The orc wizard points at you and mumbles some strange words.
The magic dart hits you but does no damage.
The gnoll completely misses you.
You miss the orc wizard.
You feel less confused.
You closely miss the orc wizard.
The orc wizard hits you but does no damage.
The gnoll closely misses you.
You closely miss the orc wizard. You block the orc wizard's attack.
You block the gnoll's attack.
You completely miss the orc wizard.
The orc wizard hits you but does no damage.
The gnoll misses you.
You hit the orc wizard.
Space warps around the orc wizard.
The orc wizard is heavily wounded.
The orc wizard closely misses you. The gnoll hits you with a +0 spear.
You die...

###...#######...# #
#.....# ###..### .
..#...# #...## #
##....# #.###
###....## #.#########
.....#.#####.#.......#
.....................#
.....#.###.###.).)...#
....##.# #. #.)@....#
....##.# #. #.go.....
...## .. .......).....
........##+ ........#
........#


You could see an orc wizard and a gnoll.

Vanquished Creatures
  Sigmund (D:6)
  Edmund (D:6)
  An acid dragon (D:6)
  A black bear (D:4)
  A sky beast (D:7)
  An ice beast (D:6)
  An ogre (D:5)
  2 phantoms
  A centaur (D:7)
  A kobold brigand (D:6)
  A bullfrog (D:6)
  A scorpion (D:5)
  5 hounds
  2 jellies (D:7)
  An orc priest (D:4)
  Terence (D:2)
  3 orc wizards
  4 gnolls (D:7)
  6 adders
  A white imp (D:6)
  A dart slug (D:3)
  14 orcs
  8 ball pythons
  3 endoplasms (D:4)
  A giant cockroach (D:3)
  14 goblins
  9 hobgoblins
  2 quokkas
  6 bats
  4 frilled lizards
  8 kobolds
  A rat (D:1)
  A spectral orc (D:3)
108 creatures vanquished.

Notes
Turn   | Place    | Note
-------+----------+-------------------------------------------
     0 | D:1      | CaptainMV the Kobold Brigand began the quest for the Orb.
     0 | D:1      | Reached XP level 1. HP: 12/12 MP: 1/1
   186 | D:1      | Reached XP level 2. HP: 6/18 MP: 2/2
   291 | D:1      | Reached skill level 6 in Stealth
   792 | D:2      | Reached XP level 3. HP: 16/22 MP: 3/3
  1149 | D:2      | Noticed Terence
  1153 | D:2      | Killed Terence
  1154 | D:2      | Reached XP level 4. HP: 27/27 MP: 4/4
  1336 | D:3      | Found an ancient bone altar of Kikubaaqudgha.
  1521 | D:3      | Found a shimmering altar of Xom.
  1524 | D:3      | Found a faded altar of an unknown god.
  1525 | D:3      | Found an ornate altar of the Wu Jian Council.
  1526 | D:3      | Found a faded altar of an unknown god.
  1531 | D:3      | Found an opulent altar of Gozag.
  1548 | D:3      | Became a worshipper of the Wu Jian Council
  1587 | D:3      | Found a basalt altar of Yredelemnul.
  1738 | D:3      | Reached XP level 5. HP: 31/31 MP: 5/5
  1991 | D:4      | Noticed a phantom
  1995 | D:4      | Killed a phantom
  1996 | D:4      | Reached skill level 7 in Stealth
  1998 | D:4      | Reached XP level 6. HP: 36/36 MP: 6/6
  2022 | D:4      | Reached * piety under Wu Jian
  2083 | D:4      | Reached skill level 5 in Short Blades
  2263 | D:4      | Noticed Robin
  2265 | D:4      | Reached skill level 8 in Stealth
  2273 | D:4      | Banished Robin
  2353 | D:4      | Noticed a black bear
  2497 | D:4      | Killed a black bear
  2498 | D:4      | Reached XP level 7. HP: 40/40 MP: 7/7
  2900 | D:5      | Entered Level 5 of the Dungeon
  2949 | D:5      | Reached skill level 9 in Stealth
  2985 | D:5      | Found a sacrificial altar of Ru.
  3240 | D:5      | Reached XP level 8. HP: 46/46 MP: 8/8
  3595 | D:6      | Reached skill level 10 in Stealth
  3595 | D:6      | Reached skill level 1 in Shields
  4052 | D:6      | Reached skill level 11 in Stealth
  4192 | D:6      | Noticed Edmund
  4196 | D:6      | Killed Edmund
  4197 | D:6      | Reached skill level 5 in Dodging
  4197 | D:6      | Reached skill level 12 in Stealth
  4197 | D:6      | Reached XP level 9. HP: 51/51 MP: 9/9
  4207 | D:6      | Noticed Sigmund
  4208 | D:6      | Killed Sigmund
  4465 | D:7      | Reached skill level 13 in Stealth
  4494 | D:7      | HP: 1/52 [orc wizard/+0 dagger (3)]
  4500 | D:7      | Slain by a gnoll

Illustrated notes

Levels and vault maps discovered:
D:1:      shiori_shiawase, layout_loops_ring
D:2:      layout_loops_cross, uniq_terence
D:3:      layout_rooms, chequers_temple_overflow_minitemple, lemuel_round_altar,
          yredelemnul_forgotten_temple_becter,
          hangedman_abyss_or_decor_lesser_grid
D:4:      layout_basic, uniq_robin
D:5:      layout_loops_ring, nicolae_ru_sacrificial_ziggurat,
          roderic_roman_lattice
D:6:      layout_loops_ring, sigmund_edmund_badplayer
D:7:      layout_rooms, lemuel_crystal_altar, minmay_temple_entry_fiery,
          enter_ossuary_2

Skill      XL: |  1  2  3  4  5  6  7  8  9 |
---------------+----------------------------+-----
Stealth        | 6 7 8 9 12 13 | 13.4
Short Blades   | 3 4 5 6 |  6.9
Dodging        | 2 3 4 5 |  5.3
Fighting       | 3 |  3.9
Shields        | 1 |  1.5
Throwing       | |  2.3
Armour         | |  0.3

Action                   |  1- 3 |  4- 6 |  7- 9 || total
-------------------------+-------+-------+-------++-------
Melee: Dagger            |    52 |     4 |       ||    56
       Short sword       |       |    93 |    94 ||   187
Throw: Dart              |       |     1 |       ||     1
Invok: Lunge             |       |    14 |    23 ||    37
       Whirlwind         |       |       |     4 ||     4
 Stab: Sleeping          |    13 |    15 |    21 ||    49
       Distracted        |       |     1 |       ||     1
Armor: Robe              |     5 |    22 |     2 ||    29
       Acid dragon scale |       |       |    25 ||    25
Dodge: Dodged            |    23 |    67 |    79 ||   169
Block: Buckler           |     7 |    17 |    23 ||    47
